 Dungeon Crawl Stone Soup version 0.21.1-1-g345015f (webtiles) character file.

2212 vatarom the Nimble (level 9, -15/80 HPs)
             Began as a Troll Monk on May 30, 2018.
             Demolished by a two-headed ogre
             ... wielding a +0 giant spiked club
              (17 damage)
             ... on level 8 of the Dungeon.
             The game lasted 00:07:09 (4091 turns).

vatarom the Nimble (Troll Monk)                     Turns: 4091, Time: 00:07:10

Health: -15/80     AC:  6    Str: 21    XL:     9   Next: 13%
Magic:  8/8        EV: 14    Int:  9    God:
Gold:   267        SH:  0    Dex: 12    Spells: 8/8 levels left

rFire    . . .     SeeInvis .     - Unarmed
rCold    . . .     Gourm    +   (no shield)
rNeg     + . .     Faith    .   i - +1 robe {rN+}
rPois    .         Spirit   .   (helmet restricted)
rElec    .         Reflect  .   (no cloak)
rCorr    .         Harm     .   (gloves unavailable)
MR       .....                  (boots unavailable)
Stlth    ++........             m - amulet of magic regeneration
HPRegen  0.63/turn              (no ring)
MPRegen  0.36/turn              (no ring)

@: lethally poisoned (-15 -> -16)
A: large, unfitting armour, claws 3, fast metabolism 3, gourmand, regeneration
1, shaggy fur 1, tough skin 2
a: no special abilities


You were on level 8 of the Dungeon.
You were full.

You visited 2 branches of the dungeon, and saw 8 of its levels.

You collected 267 gold pieces.

Inventory:

Armour
 i - a +1 robe of positive energy (worn)
Jewellery
 m - an amulet of magic regeneration (around neck)
Wands
 s - a wand of acid (6) {@v2}
 u - a wand of scattershot (4)
Scrolls
 c - 5 scrolls of remove curse {@r2}
 g - 2 scrolls of enchant weapon {unknown}
 l - 2 scrolls of enchant armour {unknown}
 n - 7 scrolls of identify {unknown}
 p - a scroll of random uselessness {unknown}
 r - a scroll of immolation {unknown}
Potions
 a - 2 potions of cancellation {unknown}
 d - 2 potions of flight {unknown}
 e - 2 potions of heal wounds {unknown}
 f - a potion of resistance {unknown}
 h - a potion of curing {unknown}
 j - a potion of mutation {unknown}
 k - a potion of might {unknown}
 q - 2 potions of brilliance {unknown}
Books
 o - a book of Cantrips

   Spells                             Type                      Level
   a - Confusing Touch                Hexes                        1
   b - Animate Skeleton               Necromancy                   1
   c - Summon Small Mammal            Summoning                    1
   d - Apportation                    Translocation                1
 t - a book of Air

   Spells                             Type                      Level
   a - Shock                          Conjuration/Air              1
   b - Swiftness                      Charms/Air                   2
   c - Static Discharge               Conjuration/Air              3
   d - Airstrike                      Air                          4
   e - Lightning Bolt                 Conjuration/Air              5
Comestibles
 b - 11 rations {@e1}


   Skills:
 - Level 2.4 Fighting
 * Level 8.7 Dodging
 - Level 1.0 Stealth
 + Level 7.6 Unarmed Combat


You had 8 spell levels left.
You didn't know any spells.

Dungeon Overview and Level Annotations

Branches:
Dungeon (8/15)             Temple (1/1) D:6
   Lair: D:8-11

Altars:
Ashenzari
Cheibriados
Dithmenos
Elyvilon
Fedhas
Gozag
Kikubaaqudgha
Makhleb
Nemelex Xobeh
Okawaru
Qazlal
Ru
Sif Muna
Trog
Uskayaw
Vehumet
Wu Jian
Xom
Yredelemnul
Zin
The Shining One


Innate Abilities, Weirdness & Mutations

You are too large for most types of armour.
You have claws for hands.
Your metabolism is lightning-fast.
You like to eat raw meat.
Your natural rate of healing is unusually fast.
You are covered in fur. (AC +1)
You have very tough skin. (AC +2)


Message History

The worker ant bites you.
The two-headed ogre hits you with a giant spiked club!!
The two-headed ogre hits you with a giant club!!
The crimson imp hits you.
You are too injured to fight recklessly!
You are too injured to fight recklessly!
You barely miss the two-headed ogre.
The two-headed ogre is severely wounded.
The worker ant bites you.
You are poisoned.
The worker ant poisons you!
Unknown command.
You barely miss the two-headed ogre.
The two-headed ogre is severely wounded.
You feel sick. The crimson imp hits you.
* * * LOW HITPOINT WARNING * * *
The two-headed ogre hits you with a giant spiked club!!
* * * LOW HITPOINT WARNING * * *
The two-headed ogre hits you with a giant club!
You die...

....## ##.
...... #...
##.....
#...####....#
##....<....#
#......)...#
..........?##
.........5..#
....######@.#
..## #Oa.# .
#..## #..#
#..# #..#
##.# ..


You could see a two-headed ogre, a worker ant and a crimson imp.

Vanquished Creatures
  3 hippogriffs (D:7)
  A water moccasin (D:6)
  A phantom (D:6)
  A black bear (D:7)
  An ogre (D:6)
  2 centaurs
  A bullfrog (D:6)
  A scorpion (D:4)
  4 wights (D:7)
  A howler monkey (D:4)
  4 crimson imps
  A centaur zombie (D:6)
  A jelly (D:6)
  A hound (D:4)
  4 orc priests
  Jessica (D:2)
  Terence (D:2)
  3 orc wizards
  3 worker ants
  A hound zombie (D:6)
  A howler monkey zombie (D:6)
  Robin (D:3)
  7 gnolls (D:6)
  2 worker ant zombies (D:6)
  6 adders
  A worm (D:2)
  4 leopard geckos
  15 orcs
  2 giant cockroaches
  16 goblins
  7 hobgoblins
  5 jackals
  11 kobolds
  3 quokkas
  A ball python (D:4)
  11 bats
  3 frilled lizards
  A jackal skeleton (D:4)
  A jackal zombie (D:3)
  A quokka skeleton (D:3)
  3 rats
138 creatures vanquished.

Vanquished Creatures (others)
  A plant (D:3)
1 creature vanquished.

Grand Total: 139 creatures vanquished

Notes
Turn   | Place    | Note
-------+----------+-------------------------------------------
     0 | D:1      | vatarom the Troll Monk began the quest for the Orb.
     0 | D:1      | Reached XP level 1. HP: 22/22 MP: 0/0
   260 | D:1      | Reached XP level 2. HP: 29/29 MP: 1/1
   659 | D:2      | Reached skill level 3 in Dodging
   710 | D:2      | Noticed Jessica
   717 | D:2      | Killed Jessica
   717 | D:2      | Reached XP level 3. HP: 36/36 MP: 2/2
   757 | D:2      | Found a burning altar of Makhleb.
   928 | D:2      | Noticed Terence
   944 | D:2      | Killed Terence
   944 | D:2      | Reached XP level 4. HP: 18/44 MP: 3/3
  1006 | D:2      | Found a white marble altar of Elyvilon.
  1048 | D:2      | Reached skill level 4 in Dodging
  1246 | D:3      | Reached XP level 5. HP: 50/50 MP: 4/4
  1319 | D:3      | Found a blossoming altar of Fedhas.
  1319 | D:3      | Found an ornate altar of the Wu Jian Council.
  1652 | D:3      | Found a radiant altar of Vehumet.
  1898 | D:4      | Noticed Robin
  1920 | D:3      | Killed Robin
  2044 | D:4      | Reached XP level 6. HP: 45/59 MP: 5/5
  2095 | D:4      | Reached skill level 5 in Dodging
  2195 | D:4      | You fall through a shaft for 2 floors!
  2198 | D:6      | Reached skill level 5 in Unarmed Combat
  2202 | D:6      | Noticed a water moccasin
  2214 | D:6      | Killed a water moccasin
  2214 | D:6      | Reached XP level 7. HP: 38/66 MP: 6/6
  2385 | D:6      | Reached skill level 6 in Dodging
  2612 | D:6      | Found a staircase to the Ecumenical Temple.
  2656 | Temple   | Entered the Ecumenical Temple
  2949 | D:6      | Reached XP level 8. HP: 68/74 MP: 7/7
  3106 | D:6      | Reached skill level 7 in Dodging
  3782 | D:7      | Noticed a hippogriff
  3787 | D:7      | Killed a hippogriff
  3787 | D:7      | Reached skill level 8 in Dodging
  3889 | D:7      | Noticed a hippogriff
  3896 | D:7      | Killed a hippogriff
  3982 | D:7      | Noticed a hippogriff
  3990 | D:7      | Killed a hippogriff
  3990 | D:7      | Reached XP level 9. HP: 51/80 MP: 8/8
  4082 | D:8      | Noticed a two-headed ogre
  4091 | D:8      | HP: 2/80 [two-headed ogre/giant spiked club (22)]
  4091 | D:8      | Demolished by a two-headed ogre

Skill      XL: |  1  2  3  4  5  6  7  8 |
---------------+-------------------------+-----
Dodging        | 3 4 5 6 8 |  8.7
Unarmed Combat | 4 5 6 7 |  7.6
Fighting       | |  2.4
Stealth        | |  1.0

Action                   |  1- 3 |  4- 6 |  7- 9 || total
-------------------------+-------+-------+-------++-------
Melee: Unarmed           |    86 |   157 |   172 ||   415
       Punch             |       |     3 |     5 ||     8
  Use: Scroll            |     1 |       |       ||     1
 Stab: Sleeping          |     6 |     4 |       ||    10
  Eat: Chunk             |    14 |    12 |    14 ||    40
Armor: Robe              |    39 |    61 |    40 ||   140
Dodge: Dodged            |    56 |   113 |   105 ||   274
